 Dungeon Crawl Stone Soup version 0.18-a0-1126-ga2d7f46 (webtiles) character file.

347 lysy the Firebug (level 6, -3/32 HPs)
             Began as a Deep Elf Fire Elementalist on Jan 20, 2016.
             Splashed by a jelly's acid (4 damage)
             ... on level 4 of the Dungeon.
             The game lasted 00:12:53 (4492 turns).

lysy the Firebug (Deep Elf Fire Elementalist)       Turns: 4492, Time: 00:12:54

Health: -3/32      AC:  5    Str:  5    XL:     6   Next: 32%
Magic:  14/14      EV: 12    Int: 21    God:
Gold:   132        SH:  0    Dex: 16    Spells: 2 memorised, 9 levels left

rFire  . . .     SeeInvis .     p - +3 short sword (venom)
rCold  . . .     Gourm    .     s - +0 leather armour
rNeg   . . .     Faith    .     (no shield)
rPois  .         Spirit   .     m - +1 helmet
rElec  .         Dismiss  .     (no cloak)
rCorr  .         Reflect  .     (no gloves)
SustAt .         Harm     .     (no boots)
MR     .....                    (no amulet)
Stlth  ++........               (no ring)
                                (no ring)

@: drained, not resistant to hostile enchantments, unstealthy
A: no striking features
a: no special abilities


You were on level 4 of the Dungeon.
You were not hungry.

You visited 1 branch of the dungeon, and saw 4 of its levels.

You collected 132 gold pieces.


   Skills:
 - Level 2.4(2.1) Dodging
 - Level 2.4(2.1) Stealth
 + Level 4.1(3.8) Spellcasting
 + Level 5.1(4.9) Conjurations
 - Level 5.4(5.1) Fire Magic


You had 9 spell levels left.
You knew the following spells:

 Your Spells              Type           Power        Failure   Level  Hunger
z - Flame Tongue          Conj/Fire      ####.        3%          1    None
Z - Conjure Flame         Conj/Fire      ####....     12%         3    ###....

Inventory:

Hand Weapons
 e - a +0 short sword
 p - a +3 short sword of venom (weapon)
 w - a +0 blowgun
Missiles
 d - 147 stones (quivered)
 f - 3 tomahawks
 q - 36 poisoned needles
Armour
 a - a +0 robe
 m - a +1 helmet (worn)
 s - a +0 leather armour (worn)
Wands
 v - a wand of disintegration (15/24)
Scrolls
 h - a scroll of noise {!r}
 j - a scroll of amnesia
 k - 4 scrolls of remove curse
 u - a scroll of identify {@r1}
Potions
 g - a potion of cure mutation {unknown}
 i - 2 potions of mutation {!q}
 l - 2 potions of curing {@q1}
Books
 b - a book of Flames

   Spells                             Type                      Level
   a - Flame Tongue                   Conjuration/Fire             1
   b - Throw Flame                    Conjuration/Fire             2
   c - Conjure Flame                  Conjuration/Fire             3
   d - Inner Flame                    Hexes/Fire                   3
   e - Sticky Flame                   Conjuration/Fire             4
   f - Fireball                       Conjuration/Fire             5
Comestibles
 c - 5 bread rations
 n - a slice of pizza
 o - 4 chunks of flesh
 r - a meat ration

Dungeon Overview and Level Annotations

Branches:
Dungeon (4/15)
 Temple: D:4-7

Altars:

Annotations:
D:2 Terence

.▒▒▒... ............
...8.....8.▒
...........▒▒▒
.▒...>.......▒
....[........▒▒
..............▒▒▒▒▒▒▒▒▒▒
..............▒▒........
...8..Je.8...▒▒▒........
▒▒............▒▒........
▒▒▒▒▒.............).÷..
▒........).▒▒▒.▒▒▒▒
......▒.....▒▒▒..▒ ..▒.
▒▒▒▒▒▒▒...)▒▒ ▒.▒▒ ▒.▒.
▒▒▒▒▒▒▒▒.▒ ▒.▒ ▒▒...▒
▒▒...▒▒...▒▒ ▒.▒
......▒▒▒..........▒▒▒.▒


You could see a jelly.


Message History

Things that are here:
a flail; a scale mail You start resting.
Magic restored.
A jelly comes into view.
The jelly moves out of view.
Things that are here:
a whip; an orc corpse You butcher the orc corpse.
o - 4 chunks of flesh (gained 3)
You see here a whip.
Eat which item? (? for menu, Esc to quit)
Okay, then.
Found a stone staircase leading down.
You start resting.
Found a ring mail.
The jelly quivers.
You hit the jelly.
Your hands burn!
The jelly is lightly wounded.
The jelly hits you.
You are splashed with acid!
The acid burns!
* * * LOW HITPOINT WARNING * * *
You hit the jelly.
Your hands burn!
* * * LOW HITPOINT WARNING * * *
The jelly is moderately wounded.
The jelly hits you.
* * * LOW HITPOINT WARNING * * *
You are splashed with acid!
The acid burns!
* * * LOW HITPOINT WARNING * * *
You hit the jelly.
Your hands burn!
You die...

Action                   |  1- 3 |  4- 6 || total
-------------------------+-------+-------++-------
Melee: Short sword       |   107 |    72 ||   179
Throw: Stone             |     7 |     5 ||    12
 Cast: Flame Tongue      |    30 |    33 ||    63
       Conjure Flame     |     2 |     8 ||    10
  Use: Potion            |     1 |     1 ||     2
       Scroll            |       |     7 ||     7
 Stab: Sleeping          |     7 |     3 ||    10
       Distracted        |       |     1 ||     1
  Eat: Chunk             |     4 |     8 ||    12

Vault maps used:
D:1:      ldierk_walled_garden, dk_noncrumbling_3
D:2:      lemuel_statue_altar, uniq_terence
D:3:      hangedman_glass_teeth, kennysheep_pointless_box, patterned_corridor
D:4:      kiku_gazebo_pond_becter, st_stairs_1, due_unseen_surprise

Notes
Turn   | Place    | Note
--------------------------------------------------------------
     0 | D:1      | lysy the Deep Elf Fire Elementalist began the quest for the Orb.
     0 | D:1      | Reached XP level 1. HP: 10/10 MP: 6/6
   640 | D:1      | Reached XP level 2. HP: 15/15 MP: 8/8
  1017 | D:1      | Reached skill level 2 in Conjurations
  1409 | D:2      | Noticed Terence
  1444 | D:2      | Reached skill level 4 in Fire Magic
  1567 | D:2      | Reached XP level 3. HP: 19/19 MP: 3/9
  1707 | D:2      | Learned a level 3 spell: Conjure Flame
  1807 | D:2      | Reached skill level 3 in Conjurations
  2151 | D:2      | Reached XP level 4. HP: 24/24 MP: 10/10
  3205 | D:3      | Reached skill level 4 in Conjurations
  3205 | D:3      | Reached XP level 5. HP: 18/28 MP: 4/11
  3576 | D:3      | Reached skill level 5 in Fire Magic
  4110 | D:4      | Reached XP level 6. HP: 20/32 MP: 13/13
  4117 | D:4      | Reached skill level 5 in Conjurations
  4413 | D:4      | Reached skill level 4 in Spellcasting
  4491 | D:4      | HP: 1/32 [acid (8)]
  4492 | D:4      | Splashed by a jelly's acid

Vanquished Creatures
  A big kobold (D:3)
  An orc priest (D:3)
  4 orc wizards (D:4)
  4 adders (D:2)
  An ooze (D:3)
  4 worms
  4 giant geckos
  8 orcs
  4 giant cockroaches
  6 goblins
  12 hobgoblins
  2 jackals (D:3)
  A quokka (D:4)
  A ball python (D:3)
  8 bats
  4 giant newts
  10 kobolds
  9 rats
84 creatures vanquished.

Vanquished Creatures (others)
  5 toadstools (D:1)
5 creatures vanquished.

Grand Total: 89 creatures vanquished
